Map: Orbital Shipyard

Players

Personal - Winner!

  • Race: Protoss Protoss
  • League: Grandmaster

Mekar

  • Race: Protoss Protoss
  • League: Master

VOD

Have the link to the VOD?

Description

Time

  • Played on: Feb. 28, 2016, 7:31 a.m.
  • Length: 13:26
Show
View Real Time Build Order
Export as new Build Order

Personal Protoss - Winner!

Build Orders: Oracle Opening 

Get SALT Encoding   

  12  0:00  Probe (Chrono Boost)  
  13  0:11  Probe (Chrono Boost)  
  14  0:17  Pylon  
  14  0:21  Probe (Chrono Boost)  
  15  0:35  Probe (Chrono Boost)  
  16  0:36  Gateway  
  16  0:42  Assimilator  
  16  0:46  Probe (Chrono Boost)  
  17  0:50  Assimilator  
  17  0:56  Probe (Chrono Boost)  
  18  1:07  Probe (Chrono Boost)  
  18  1:08  Gateway  
  19  1:17  Probe (Chrono Boost)  
  20  1:23  Cybernetics Core  
  20  1:28  Probe (Chrono Boost)  
  21  1:33  Pylon  
  21  1:38  Probe (Chrono Boost)  
  22  1:49  Probe (Chrono Boost)  
  28  2:02  Stalker x2 (Chrono Boost)  
  28  2:03  Warp Gate (Chrono Boost)  
  27  2:28  Stalker x2  
  31  2:33  Pylon  
  31  2:44  Stargate  
  31  2:57  Probe  
  32  3:05  Pylon  
  32  3:14  Mothership Core (Chrono Boost)  
  34  3:21  Nexus  
  34  3:28  Oracle (Chrono Boost)  
  37  3:35  Pylon  
  37  3:36  Probe  
  38  3:48  Probe  
  38  4:01  Phoenix (Chrono Boost)  
  38  4:02  Probe  
  40  4:08  Robotics Facility  
  40  4:14  Probe  
  41  4:26  Probe (Chrono Boost), Phoenix (Chrono Boost)  
  44  4:37  Probe (Chrono Boost)  
  42  4:38  Probe (Chrono Boost)  
  43  4:47  Probe (Chrono Boost)  
  43  4:49  Probe (Chrono Boost)  
  45  4:56  Immortal (Chrono Boost)  
  45  4:58  Probe (Chrono Boost)  
  50  5:03  Probe (Chrono Boost)  
  51  5:09  Probe (Chrono Boost), Pylon  
  51  5:13  Probe (Chrono Boost), Void Ray  
  53  5:19  Probe (Chrono Boost)  
  58  5:23  Assimilator  
  58  5:24  Probe (Chrono Boost)  
  59  5:30  Assimilator  
  59  5:38  Probe  
  59  5:39  Probe  
  59  5:40  Pylon  
  61  5:44  Immortal (Chrono Boost)  
  65  5:54  Probe x2  
  67  5:58  Pylon  
  67  6:02  Void Ray  
  67  6:03  Adept x2  
  71  6:06  Probe  
  76  6:12  Probe  
  76  6:18  Probe  
  78  6:21  Observer (Chrono Boost)  
  79  6:27  Pylon x2  
  79  6:29  Pylon  
  79  6:37  Forge  
  79  6:39  Probe  
  81  6:40  Probe  
  81  6:41  Void Ray  
  81  6:44  Observer (Chrono Boost)  
  86  6:51  Stargate  
  86  6:53  Gateway  
  86  6:56  Gateway  
  86  7:07  Immortal (Chrono Boost)  
  90  7:11  Photon Cannon  
  90  7:16  Photon Cannon  
  90  7:23  Sentry x2  
  90  7:28  Void Ray (Chrono Boost)  
  98  7:39  Pylon, Photon Cannon  
  98  7:40  Pylon  
  98  7:44  Warp Prism (Chrono Boost)  
  98  7:58  Stalker  
  98  7:59  Stalker x2  
  104  8:07  Phoenix (Chrono Boost)  
  104  8:08  Phoenix (Chrono Boost)  
  108  8:20  Pylon  
  108  8:28  Phoenix (Chrono Boost)  
  108  8:30  Phoenix (Chrono Boost)  
  112  8:52  Adept  
  112  8:53  Adept x3  
  120  8:57  Nexus, Phoenix (Chrono Boost)  
  120  9:00  Pylon  
  120  9:08  Phoenix (Chrono Boost)  
  117  9:19  Probe x2, Phoenix (Chrono Boost)  
  121  9:24  Photon Cannon  
  121  9:26  Observer  
  121  9:30  Phoenix (Chrono Boost)  
  124  9:32  Adept x2  
  128  9:41  Phoenix (Chrono Boost)  
  128  9:42  Probe x2  
  131  9:54  Probe  
  131  9:58  Phoenix (Chrono Boost)  
  134  10:02  Phoenix (Chrono Boost)  
  136  10:13  Probe  
  132  10:15  Probe  
  132  10:20  Phoenix (Chrono Boost)  
  132  10:21  Fleet Beacon  
  136  10:22  Assimilator  
  132  10:32  Assimilator  
  132  10:34  Pylon  
  132  10:36  Pylon  
  132  10:43  Pylon  
  132  10:44  Pylon  
  132  10:49  Stargate  
  132  10:53  Phoenix (Chrono Boost)  
  132  10:54  Phoenix (Chrono Boost)  
  136  10:58  Probe  
  136  10:59  Probe  
  136  11:01  Pylon  
  133  11:12  Phoenix (Chrono Boost)  
  133  11:15  Anion Pulse-Crystals (Chrono Boost)  
  135  11:20  Probe x2  
  137  11:27  Photon Cannon  
  137  11:30  Phoenix  
  137  11:33  Phoenix  
  137  11:36  Adept x4  
  149  11:40  Photon Cannon  
  149  11:45  Warp Prism  
  151  11:50  Phoenix  
  151  11:52  Probe  
  154  11:58  Sentry  
  154  12:01  Adept x3  
  160  12:07  Phoenix (Chrono Boost)  
  162  12:11  Phoenix (Chrono Boost)  
  166  12:18  Photon Cannon  
  166  12:21  Observer  
  166  12:22  Phoenix (Chrono Boost)  
  169  12:33  Phoenix (Chrono Boost)  
Show
View Real Time Build Order
Export as new Build Order

Mekar Protoss 

Build Orders:  

Get SALT Encoding   

  12  0:01  Probe (Chrono Boost)  
  13  0:11  Probe (Chrono Boost)  
  14  0:22  Probe (Chrono Boost)  
  14  0:27  Pylon  
  15  0:45  Probe (Chrono Boost), Gateway  
  16  0:52  Assimilator  
  16  0:55  Probe (Chrono Boost)  
  16  0:56  Assimilator  
  17  1:06  Probe (Chrono Boost)  
  18  1:14  Gateway  
  18  1:17  Probe (Chrono Boost)  
  19  1:27  Probe (Chrono Boost)  
  19  1:32  Cybernetics Core  
  20  1:38  Probe (Chrono Boost)  
  21  1:48  Probe (Chrono Boost)  
  21  1:51  Pylon  
  23  2:01  Probe (Chrono Boost)  
  23  2:09  Warp Gate  
  23  2:10  Stalker  
  23  2:14  Mothership Core (Chrono Boost)  
  27  2:20  Adept  
  29  2:28  Pylon  
  29  2:39  Probe (Chrono Boost)  
  30  2:46  Stalker  
  32  3:09  Stalker  
  33  3:15  Probe (Chrono Boost)  
  33  3:16  Pylon  
  33  3:17  Robotics Facility  
  34  3:23  Stalker  
  36  3:32  Pylon  
  36  3:56  Twilight Council  
  34  4:04  Nexus  
  34  4:09  Observer  
  35  4:19  Stalker, Sentry  
  37  4:40  Dark Shrine  
  37  4:45  Stalker x2  
  39  4:48  Probe (Chrono Boost)  
  42  4:58  Probe (Chrono Boost)  
  43  5:01  Gateway  
  43  5:03  Observer  
  44  5:09  Probe (Chrono Boost)  
  44  5:14  Stalker  
  47  5:17  Probe (Chrono Boost)  
  47  5:21  Probe (Chrono Boost)  
  49  5:30  Probe (Chrono Boost)  
  49  5:32  Probe (Chrono Boost)  
  51  5:37  Blink (Chrono Boost)  
  51  5:43  Probe (Chrono Boost)  
  51  5:44  Probe (Chrono Boost)  
  53  5:52  Probe (Chrono Boost)  
  53  5:55  Probe (Chrono Boost)  
  56  6:04  Probe (Chrono Boost)  
  56  6:05  Immortal  
  56  6:06  Probe (Chrono Boost)  
  61  6:13  Pylon  
  61  6:14  Probe (Chrono Boost)  
  61  6:17  Probe (Chrono Boost)  
  63  6:20  Assimilator  
  63  6:25  Probe (Chrono Boost)  
  64  6:26  Assimilator  
  64  6:30  Probe (Chrono Boost)  
  65  6:35  Probe (Chrono Boost)  
  66  6:43  Probe (Chrono Boost)  
  67  6:47  Stargate  
  67  6:48  Stargate  
  67  6:51  Probe (Chrono Boost)  
  67  6:53  Pylon  
  67  6:54  Probe (Chrono Boost)  
  69  6:56  Pylon  
  69  7:02  Probe (Chrono Boost)  
  69  7:03  Pylon  
  69  7:04  Probe (Chrono Boost)  
  71  7:12  Probe (Chrono Boost)  
  71  7:14  Nexus  
  72  7:17  Probe (Chrono Boost)  
  73  7:25  Immortal  
  73  7:27  Probe (Chrono Boost)  
  78  7:31  Phoenix (Chrono Boost)  
  82  7:37  Phoenix (Chrono Boost)  
  82  7:42  Sentry, Zealot  
  86  7:47  Probe  
  86  7:48  Probe  
  86  7:49  Pylon  
  85  7:59  Probe  
  85  8:00  Probe, Phoenix (Chrono Boost)  
  85  8:03  Phoenix (Chrono Boost)  
  91  8:11  Probe  
  92  8:12  Pylon  
  92  8:22  Phoenix (Chrono Boost)  
  92  8:24  Phoenix (Chrono Boost)  
  96  8:27  Pylon  
  96  8:34  Stalker x3  
  102  8:44  Phoenix (Chrono Boost)  
  102  8:46  Pylon  
  104  8:49  Phoenix (Chrono Boost)  
  104  9:05  Phoenix (Chrono Boost)  
  96  9:11  Phoenix (Chrono Boost)  
  96  9:15  Stalker, Sentry  
  102  9:27  Phoenix (Chrono Boost)  
  104  9:33  Phoenix (Chrono Boost)  
  106  9:45  Pylon  
  106  9:49  Phoenix (Chrono Boost)  
  108  9:56  Phoenix (Chrono Boost)  
  110  10:00  Stalker x2  
  110  10:03  Probe x2  
  108  10:15  Probe x2  
  108  10:21  Phoenix x2 (Chrono Boost)  
  114  10:27  Probe x2  
  116  10:32  Stalker  
  116  10:33  Stalker x2  
  122  10:38  Pylon  
  122  10:39  Probe x2  
  122  10:42  Phoenix (Chrono Boost)  
  125  10:48  Phoenix (Chrono Boost)  
  127  10:51  Probe  
  128  10:57  Nexus  
  128  10:59  Probe  
  128  11:00  Pylon  
  125  11:17  Assimilator  
  123  11:22  Gateway x2  
  123  11:23  Templar Archives, Assimilator  
  123  11:25  Gateway  
  121  11:27  Probe x2  
  121  11:29  Pylon  
  123  11:32  Adept  
  123  11:34  Adept  
  123  11:36  Stalker  
  129  11:59  Immortal  
  133  12:19  High Templar x4  
  141  12:24  Archon x2, Pylon  
  141  12:26  Pylon  
  141  12:28  Pylon  
  139  12:31  Pylon  
  139  12:33  Stalker x2, Pylon  
  138  12:54  Stalker x4  
  142  13:01  Stalker x2  
Tags
 
Add a new tag
Caveats
  • Supply blocks, unpowered buildings, or Contaminate may cause inaccurate times.
  • Supply counts are checked every 10 seconds.